 Dungeon Crawl Stone Soup version 0.30-a0-739-gea05faddec (webtiles) character file.

Game seed: 5106065321405042955

3271 avis the Skirmisher (level 9, -8/74 HPs)
             Began as a Demigod Hunter on Feb 4, 2023.
             Mangled by a wraith (10 damage)
             ... on level 7 of the Dungeon.
             The game lasted 00:47:29 (7904 turns).

avis the Skirmisher (Demigod Hunter)                Turns: 7904, Time: 00:47:29

Health: -8/74      AC:  7    Str: 12    XL:     9   Next: 41%
Magic:  11/11      EV: 21    Int: 11    God:
Gold:   395        SH:  0    Dex: 35    Spells: 6/8 levels left

rFire   . . .      SeeInvis .    a - +0 shortbow
rCold   . . .      Faith    .    (shield currently unavailable)
rNeg    . . .      Spirit   .    O - +2 leather armour {Will+}
rPois   +          Reflect  .    t - +1 hat
rElec   .          Harm     .    E - +0 cloak {rPois}
rCorr   .          Rampage  .    (no gloves)
Will    +....                    (no boots)
Stlth   ++                       k - amulet of the acrobat
HPRegen 0.32/turn                g - +6 ring of dexterity
MPRegen 0.12/turn                (no ring)

@: on fire, hasted and slowed, glowing
A: high MP 1, forlorn, divine attributes
a: no special abilities


You were on level 7 of the Dungeon.
You visited 2 branches of the dungeon, and saw 8 of its levels.
You also visited: Sewer.

You collected 395 gold pieces.

Inventory:

Hand Weapons
 a - a +0 shortbow (weapon)
 b - a +3 short sword of venom
 c - a +0 vampiric dagger
 w - a +1 long sword of holy wrath
 L - a +2 vampiric dagger
Missiles
 n - 19 poisoned darts
 A - 6 atropa-tipped darts
 M - 4 curare-tipped darts
Armour
 t - a +1 hat (worn)
 E - a +0 cloak of poison resistance (worn)
 O - a +2 leather armour of willpower (worn)
Jewellery
 g - a +6 ring of dexterity (left hand)
 i - an amulet of magic regeneration
 k - an amulet of the acrobat (around neck)
 D - a ring of ice
 Q - a ring of ice
Wands
 v - a wand of digging (7)
 C - a wand of mindburst (3)
 H - a wand of light (7)
 P - a wand of flame (46)
Scrolls
 d - 3 scrolls of immolation
 e - 2 scrolls of blinking {unknown}
 f - a scroll of enchant weapon {unknown}
 h - 3 scrolls of acquirement {unknown}
 j - a scroll of poison {unknown}
 l - 3 scrolls of amnesia {unknown}
 r - 6 scrolls of teleportation {unknown}
 s - 3 scrolls of identify
 y - a scroll of silence {unknown}
 B - 3 scrolls of enchant armour {unknown}
 F - a scroll of magic mapping {unknown}
 I - 3 scrolls of noise {unknown}
 J - a scroll of brand weapon {unknown}
 K - 3 scrolls of vulnerability {unknown}
 N - a scroll of fog {unknown}
Potions
 m - 3 potions of attraction {unknown}
 o - 4 potions of cancellation
 p - a potion of haste
 q - 3 potions of curing
 u - 5 potions of invisibility
 x - a potion of magic
 z - 2 potions of lignification
 G - a potion of resistance {unknown}


   Skills:
 - Level 5.0 Fighting
 * Level 9.1 Ranged Weapons
 - Level 8.0 Dodging
 - Level 3.0 Stealth


You had 6 spell levels left.
You knew the following spells:

 Your Spells              Type           Power      Damage    Failure   Level
e - Wereblood             Tmut           0%         N/A       56%         2

Your spell library contained the following spells:

 Spells                   Type           Power      Damage    Failure   Level
 Apportation              Tloc           0%         N/A       41%         1
 Beastly Appendage        Tmut           0%         N/A       41%         1
 Slow                     Hex            0%         N/A       41%         1
 Summon Small Mammal      Summ           0%         N/A       41%         1
 Cigotuvi's Dreadful Rot  Necr/Pois/Air  0%         N/A       56%         2
 Poisonous Vapours        Pois/Air       0%         N/A       56%         2
 Mephitic Cloud           Conj/Pois/Air  0%         N/A       80%         3
 Spider Form              Tmut/Pois      0%         N/A       80%         3


Dungeon Overview and Level Annotations

Branches:
Dungeon (7/15)             Temple (1/1) D:6           Sewer (visited)

Shops:
D:4 [


Innate Abilities, Weirdness & Mutations

You have an increased reservoir of magic. (+10% MP)
You shall have no god before yourself.
Your divine heritage dramatically boosts your attributes as you level up.


Message History

You shoot an arrow.
The arrow barely misses the deep elf pyromancer.
The deep elf pyromancer gestures at you while chanting.
The sticky flame misses you.
The sticky flame hits the wraith!
The wraith barely misses you.
Fire: a) +0 shortbow
Press: ? - help, Q - select action, (/) - cycle Shift-Dir - straight line, f/p - deep elf pyromancer
Aim: a deep elf pyromancer, wielding a +0 long sword and wearing a +0 ring mail (almost dead, 69% to hit)
You shoot an arrow. The arrow hits the deep elf pyromancer.
The deep elf pyromancer is almost dead.
The deep elf pyromancer closely misses you.
The wraith hits you.
* * * LOW HITPOINT WARNING * * *
The wraith drains your vigour!
You feel as though you will be slow longer.
Fire: a) +0 shortbow
Press: ? - help, Q - select action, (/) - cycle Shift-Dir - straight line, f/p - deep elf pyromancer
Aim: a deep elf pyromancer, wielding a +0 long sword and wearing a +0 ring mail (almost dead, 69% to hit)
You shoot an arrow.
The arrow closely misses the deep elf pyromancer.
The deep elf pyromancer hits you with a +0 long sword.
* * * LOW HITPOINT WARNING * * *
The wraith hits you!
* * * LOW HITPOINT WARNING * * *
You feel better.
The deep elf pyromancer points at you and mumbles some strange words.
The sticky flame hits you.
You are covered in liquid flames!
* * * LOW HITPOINT WARNING * * *
The wraith hits you.
* * * LOW HITPOINT WARNING * * *
You feel better.
You are covered in liquid flames!
* * * LOW HITPOINT WARNING * * *
The deep elf pyromancer points at you and mumbles some strange words.
The sticky flame hits you!
You are covered in liquid flames!
* * * LOW HITPOINT WARNING * * *
The wraith hits you!
You die...

####################
#..................#
#..................#
#..................#
####.........[........##
#....#####.....####....###
#.............e@WE.......#
#..#####+#########'#####.
#..#.P♣♣.....##E○○○...#
#..#P..P.....#.○#####..#
#..#...♣PP..P#°## .#
##.#♣.♣.P.P.P#°# #
#.)...P⌠♣.e.e○#
#.#.P♣.♣♣...#°#
#.#♣......♣♣#°##


You could see a deep elf pyromancer, a fire elemental (summoned) and a wraith.

Vanquished Creatures
  A troll (D:7)
  A vampire mosquito (D:7)
  A water moccasin (D:7)
  4 black bears (D:6)
  An orc warrior (D:7)
  2 sky beasts (D:7)
  4 ogres
  A centaur (D:7)
  2 phantoms (D:7)
  6 kobold brigands
  A bullfrog (D:6)
  A scorpion (D:2)
  2 necrophages
  A wight (D:7)
  2 howler monkeys
  5 jellies
  An orc priest (D:6)
  6 hounds
  A gnoll bouda (D:5)
  Terence (D:2)
  3 iguanas
  3 orc wizards
  4 gnolls
  2 river rats (Sewer)
  7 adders
  2 ufetubi
  8 worms
  A dart slug (D:3)
  22 orcs
  13 ball pythons
  A bat (D:3)
  11 endoplasms
  6 giant cockroaches
  11 goblins
  5 hobgoblins
  4 jackals (D:4)
  11 quokkas
  3 frilled lizards
  11 kobolds
  11 rats
183 creatures vanquished.

Vanquished Creatures (others)
  A plant (D:7)
1 creature vanquished.

Grand Total: 184 creatures vanquished

Notes
Turn   | Place    | Note
-------+----------+-------------------------------------------
     0 | D:1      | avis the Demigod Hunter began the quest for the Orb.
     0 | D:1      | Reached XP level 1. HP: 17/17 MP: 3/3
    66 | D:1      | Reached skill level 4 in Ranged Weapons
   120 | D:1      | Reached XP level 2. HP: 24/24 MP: 4/4
   163 | D:1      | Reached skill level 1 in Stealth
   881 | D:2      | Noticed a scorpion
   889 | D:2      | Killed a scorpion
   890 | D:2      | Reached XP level 3. HP: 29/31 MP: 5/5
   890 | D:2      | Reached XP level 4. HP: 36/38 MP: 6/6
  1191 | D:2      | Got First Steps in the Rites and Rhymes
  1331 | D:2      | Noticed Terence
  1349 | D:2      | Killed Terence
  1350 | D:2      | Reached skill level 5 in Ranged Weapons
  2523 | D:3      | Reached XP level 5. HP: 44/45 MP: 7/7
  2921 | D:4      | Noticed an ogre
  2941 | D:4      | Killed an ogre
  2942 | D:4      | Reached skill level 6 in Ranged Weapons
  3029 | D:4      | Found Feheckur's Antique Armour Boutique.
  3185 | D:4      | Reached XP level 6. HP: 50/51 MP: 8/8
  3815 | D:5      | Entered Level 5 of the Dungeon
  3979 | D:5      | Found a glowing drain.
  3985 | Sewer    | Entered a sewer
  4112 | Sewer    | Reached skill level 5 in Dodging
  4112 | Sewer    | Reached XP level 7. HP: 54/57 MP: 9/9
  5419 | D:5      | Reached skill level 7 in Ranged Weapons
  5753 | D:6      | Reached XP level 8. HP: 58/66 MP: 10/10
  5762 | D:6      | Reached skill level 8 in Ranged Weapons
  5903 | D:6      | Found a staircase to the Ecumenical Temple.
  5919 | Temple   | Entered the Ecumenical Temple
  6895 | D:7      | HP: 3/66 [something (6)]
  7171 | D:7      | Reached XP level 9. HP: 46/71 MP: 11/11
  7428 | D:7      | Learned a level 2 spell: Wereblood
  7472 | D:7      | Reached skill level 5 in Fighting
  7694 | D:7      | Reached skill level 9 in Ranged Weapons
  7843 | D:7      | Noticed a deep elf pyromancer
  7904 | D:7      | HP: 2/74 [deep elf pyromancer/sticky flame (9)]
  7904 | D:7      | Mangled by a wraith

Illustrated notes

Levels and vault maps discovered:
D:1:      dpeg_arrival_windows_large_door, layout_basic
D:2:      layout_basic, hangedman_glass_teeth, hangedman_feature_mirror,
          uniq_terence
D:3:      layout_basic, dk_noncrumbling_4, guppyfry_early_orc_mine
D:4:      layout_cave_pods, serial_shops, shop
D:5:      layout_loops_ring, lemuel_round_altar, gup_sewer_entry_bubbles,
          hangedman_abyss_or_decor_stabs
D:6:      layout_basic, minmay_temple_entry_junction
D:7:      layout_gridville, palyth_stone_intersect, minmay_the_grid_2x2
          [minmay_the_grid_garden, minmay_the_grid_slots,
          minmay_the_grid_minigrid_large, minmay_the_grid_prize_inner_circle]
Temple:   minmay_crystal_snake_temple

Skill      XL: |  1  2  3  4  5  6  7  8  9 |
---------------+----------------------------+-----
Fighting       | 2 3 4 5 |  5.0
Ranged Weapons | 4 5 6 7 8 9 |  9.1
Dodging        | 2 5 8 |  8.0
Stealth        | 1 2 3 |  3.0

Action                     |  1- 3 |  4- 6 |  7- 9 || total
---------------------------+-------+-------+-------++-------
  Melee: Dagger            |     1 |    11 |       ||    12
         Short sword       |       |     2 |   118 ||   120
         Punch             |       |       |     3 ||     3
         Long sword        |       |       |     5 ||     5
   Fire: Shortbow          |    36 |   210 |   292 ||   538
  Throw: Dart              |       |     2 |     1 ||     3
  Evoke: Wand              |       |       |     1 ||     1
    Use: Scroll            |       |       |     8 ||     8
         Potion            |       |       |     4 ||     4
   Stab: Sleeping          |       |     1 |       ||     1
 Armour: Leather armour    |     2 |    24 |    32 ||    58
  Dodge: Dodged            |     6 |    69 |   219 ||   294

Table legend: (Time is in decaauts)
 A = Elapsed time spent in this place.
 B = Non-inter-level travel time spent in this place.
 C = Inter-level travel time spent in this place.
 D = Time resting spent in this place.
 E = Time spent auto-exploring this place.
 F = Levels seen in this place.
 G = Mean time per level.
                   A        B        C        D        E       F      G
               +--------+--------+--------+--------+--------+-----+--------+
         Total |   8172 |   7222 |    950 |    915 |   4176 |   9 |  908.0 |
       Dungeon |   7359 |   6409 |    950 |    881 |   3745 |   7 | 1051.3 |
        Temple |     24 |     24 |      0 |      0 |      0 |   1 |   24.0 |
         Sewer |    788 |    788 |      0 |     34 |    431 |   1 |  788.0 |
               +--------+--------+--------+--------+--------+-----+--------+

Top non-repeatable levels by time:
     D:2: 1248 daAuts
     D:4: 1240 daAuts
     D:6: 1092 daAuts
     D:7: 1067 daAuts
     D:5: 1032 daAuts
     D:3: 970 daAuts
   Sewer: 788 daAuts
     D:1: 708 daAuts
  Temple: 24 daAuts
